Map: Jagannatha LE

Players

Serral

  • Race: Zerg Zerg

DPGrogue (Rogue) - Winner!

  • Race: Zerg Zerg

Event: ASUS ROG Fall 2021

VOD

Have the link to the VOD?

Description

Time

  • Played on: Sept. 18, 2021, 1:06 p.m.
  • Length: 7:44

All games in this series

Show
View Real Time Build Order
Export as new Build Order

Serral Zerg 

Build Orders: Hatch First 

Get SALT Encoding   

  12  0:00  Drone  
  13  0:12  Overlord  
  13  0:17  Drone  
  14  0:30  Drone x2  
  16  0:48  Hatchery  
  15  0:51  Drone  
  15  0:55  Drone  
  17  0:58  Drone  
  18  1:09  Extractor  
  17  1:13  Spawning Pool  
  17  1:16  Drone  
  17  1:20  Drone  
  18  1:27  Drone  
  19  1:38  Drone  
  20  1:57  Drone  
  20  1:59  Queen  
  20  2:00  Queen, Zergling x2  
  26  2:02  Overlord  
  26  2:10  Drone  
  26  2:11  Metabolic Boost, Drone  
  28  2:21  Drone x2  
  30  2:34  Hatchery  
  29  2:39  Drone x2  
  31  2:45  Queen  
  33  2:52  Baneling Nest  
  33  2:55  Overlord  
  32  2:59  Drone  
  32  3:00  Drone  
  32  3:02  Drone  
  32  3:05  Zergling x2  
  36  3:09  Overlord  
  36  3:15  Drone x2  
  36  3:16  Drone  
  36  3:18  Zergling x2  
  40  3:20  Zergling x2  
  40  3:24  Zergling x2  
  40  3:25  Drone  
  43  3:30  Evolution Chamber  
  43  3:31  Drone  
  43  3:37  Drone x2  
  45  3:41  Drone x3  
  45  3:47  Overlord  
  48  3:48  Drone  
  48  3:49  Drone  
  48  3:55  Roach Warren  
  49  3:58  Zerg Ground Armor Level 1  
  49  4:00  Drone  
  50  4:03  Extractor, Drone  
  50  4:05  Drone  
  50  4:06  Drone  
  50  4:08  Drone  
  53  4:10  Extractor, Drone  
  53  4:14  Overlord  
  53  4:17  Overlord  
  53  4:19  Drone x2  
  53  4:22  Overlord  
  55  4:24  Drone  
  55  4:28  Overlord  
  55  4:30  Baneling  
  55  4:38  Overlord  
  55  4:40  Roach x4  
  63  4:47  Roach x3  
  63  4:51  Roach  
  63  4:52  Roach  
  73  4:56  Roach x2  
  73  4:57  Roach  
  79  5:02  Roach  
  79  5:03  Roach  
  79  5:07  Overlord  
  82  5:10  Overlord  
  82  5:18  Zergling x14  
  82  5:20  Overlord  
  89  5:27  Lair  
  88  5:31  Drone x5  
  93  5:36  Drone x2  
  93  5:38  Overlord  
  94  5:43  Drone x2  
  94  5:48  Overlord  
  95  5:51  Drone x3  
  95  5:53  Drone  
  95  5:56  Extractor  
  98  5:57  Roach x2  
  98  5:58  Roach  
  98  6:01  Overlord  
  98  6:03  Roach  
  107  6:04  Roach  
  107  6:07  Spine Crawler  
  107  6:09  Roach  
  109  6:13  Spine Crawler  
  109  6:14  Baneling x5  
  109  6:15  Baneling x2  
  108  6:19  Roach x3  
  114  6:27  Roach x3  
  114  6:28  Roach  
  114  6:29  Roach x2  
  126  6:37  Roach x4  
  128  6:45  Roach x3  
  108  6:54  Roach  
  108  6:55  Roach x2  
  102  7:06  Roach x4  
  88  7:09  Roach  
  88  7:13  Roach  
  78  7:17  Roach  
  78  7:18  Roach  
  78  7:22  Roach  
  76  7:25  Roach  
Show
View Real Time Build Order
Export as new Build Order

DPGrogue Zerg - Winner!

Build Orders: Hatch First 

Get SALT Encoding   

  12  0:00  Drone  
  13  0:12  Overlord  
  13  0:17  Drone  
  14  0:31  Drone x2  
  16  0:48  Hatchery  
  15  0:51  Drone  
  15  0:55  Drone  
  17  0:58  Drone  
  18  1:09  Extractor  
  17  1:13  Spawning Pool  
  17  1:16  Drone  
  17  1:20  Drone  
  18  1:30  Drone  
  19  1:39  Drone  
  20  1:50  Drone  
  21  2:00  Queen x2  
  21  2:01  Zergling x2, Overlord  
  26  2:11  Drone x2  
  26  2:13  Metabolic Boost  
  28  2:22  Drone x2  
  30  2:35  Hatchery  
  30  2:36  Drone  
  30  2:43  Queen  
  32  2:50  Baneling Nest  
  31  2:53  Drone x2  
  33  2:58  Overlord  
  33  3:01  Zergling x2  
  33  3:02  Drone  
  33  3:04  Drone  
  36  3:16  Drone x3  
  36  3:17  Zergling x4  
  41  3:22  Overlord  
  41  3:24  Drone  
  41  3:26  Drone  
  43  3:30  Evolution Chamber  
  43  3:32  Drone  
  43  3:36  Drone  
  44  3:42  Drone x4  
  48  3:49  Drone x2  
  48  3:54  Extractor x2  
  48  3:58  Drone, Roach Warren  
  48  4:00  Zerg Ground Armor Level 1  
  48  4:03  Drone x2  
  48  4:08  Overlord  
  48  4:09  Baneling  
  50  4:12  Drone x3  
  52  4:19  Baneling  
  52  4:20  Drone x2  
  52  4:23  Drone x3, Overlord  
  57  4:27  Zergling x4  
  59  4:31  Overlord  
  59  4:37  Extractor, Overlord  
  59  4:38  Extractor  
  57  4:43  Drone  
  57  4:44  Roach  
  57  4:45  Roach x2  
  64  4:52  Roach x3  
  70  4:54  Overlord  
  72  5:00  Roach x3  
  72  5:04  Roach x2  
  80  5:09  Roach x2  
  80  5:12  Roach x2  
  87  5:15  Roach  
  87  5:18  Roach  
  87  5:19  Overlord  
  91  5:25  Roach  
  92  5:29  Roach  
  92  5:30  Roach x2  
  92  5:33  Overlord x2  
  98  5:38  Overlord  
  98  5:41  Roach  
  98  5:42  Roach x2  
  103  5:44  Roach  
  104  5:52  Zergling x14  
  104  5:57  Zergling x4  
  113  6:01  Zergling x2  
  113  6:02  Zergling x2  
  114  6:05  Zergling x2  
  114  6:06  Zergling x6  
  118  6:11  Zergling x4  
  118  6:14  Zergling x2  
  118  6:17  Zergling x6  
  124  6:22  Baneling  
  124  6:23  Baneling x7  
  124  6:24  Zergling x2  
  125  6:25  Baneling  
  125  6:29  Baneling x6  
  125  6:30  Zergling x2  
  125  6:31  Zergling x8  
  130  6:36  Zergling x6  
  130  6:37  Zergling x2  
  122  6:40  Zergling x2  
  116  6:50  Zergling x2  
  116  6:53  Zergling x2  
  116  6:54  Zergling x8  
  115  7:00  Zergling x2  
  105  7:05  Zergling x12  
  105  7:08  Ravager, Zergling x2  
  102  7:10  Zergling x2  
  102  7:13  Zergling x2, Roach  
  102  7:14  Ravager  
  100  7:16  Zergling x2  
  100  7:18  Zergling x2  
  100  7:21  Zergling x6  
  100  7:22  Zergling x2  
  103  7:28  Ravager  
  100  7:35  Ravager  
Tags
 
Add a new tag
Caveats
  • Supply blocks, unpowered buildings, or Contaminate may cause inaccurate times.
  • Supply counts are checked every 10 seconds.